Map: Ulzaan

Players

EliteHunter

  • Race: Protoss Protoss
  • League: Silver
  • Spawn Location: 11:00

bakemonoken

  • Race: Protoss Protoss
  • League: Gold
  • Spawn Location: 9:00

Throwfordays - Winner!

  • Race: Protoss Protoss
  • League: Bronze
  • Spawn Location: 1:00

Cthulhu - Winner!

  • Race: Terran Terran
  • Spawn Location: 3:00

VOD

Have the link to the VOD?

Description

Time

  • Played on: Jan. 29, 2019, 10:42 p.m.
  • Length: 16:12
Show
View Real Time Build Order
Export as new Build Order

EliteHunter Protoss 

Build Orders:  

Get SALT Encoding   

  12  0:02  Probe  
  13  0:16  Pylon  
  13  0:26  Pylon  
  13  0:34  Probe  
  13  0:35  Gateway  
  14  0:42  Probe  
  15  0:56  Pylon  
  15  1:01  Assimilator  
  15  1:02  Probe  
  16  1:07  Assimilator  
  16  1:19  Probe  
  16  1:24  Cybernetics Core  
  17  1:42  Gateway  
  17  1:46  Probe  
  18  1:51  Warp Gate  
  18  2:03  Stalker  
  18  2:05  Probe  
  21  2:13  Probe  
  21  2:21  Probe  
  22  2:29  Stalker  
  25  3:14  Pylon  
  25  3:18  Stargate  
  25  3:29  Robotics Facility  
  25  3:36  Gateway x2  
  25  3:38  Gateway  
  25  3:52  Nexus  
  25  4:01  Stalker x2  
  27  4:17  Immortal  
  31  4:24  Sentry  
  31  4:25  Sentry  
  35  4:46  Probe  
  36  4:58  Probe  
  37  5:11  Probe x2  
  39  5:19  Probe x2  
  38  5:28  Probe x2  
  37  5:35  Stalker x3  
  45  5:40  Probe x2  
  47  5:52  Probe x2  
  49  6:06  Probe  
  49  6:07  Probe  
  51  6:15  Probe x2  
  51  6:23  Robotics Bay  
  51  6:24  Probe  
  54  6:37  Pylon x2  
  54  6:39  Pylon  
  54  6:41  Pylon  
  54  6:47  Twilight Council  
  54  6:49  Pylon  
  54  6:55  Probe  
  55  7:27  Blink  
  55  7:39  Disruptor  
  58  7:58  Assimilator  
  58  8:01  Assimilator  
  58  8:03  Zealot x4  
  58  8:04  Zealot  
  68  8:16  Dark Shrine  
  68  8:27  Warp Prism  
  68  8:32  Gateway x2  
  70  8:35  Gateway  
  70  8:38  Gateway  
  70  8:39  Gateway  
  70  8:43  Pylon  
  70  8:46  Pylon  
  70  9:23  Probe  
  70  9:31  Probe  
  71  9:32  Dark Templar x6  
  71  9:33  Dark Templar  
  71  9:37  Archon x3  
  86  9:41  Probe  
  87  9:53  Probe  
  88  10:03  Dark Templar  
  88  10:04  Dark Templar x2  
  88  10:05  Probe  
  95  10:11  Archon  
  95  10:15  Archon  
  95  10:24  Charge  
  95  10:28  Zealot x2  
  95  10:29  Zealot x2  
  95  10:30  Zealot x2  
  95  10:31  Zealot  
  109  11:23  Pylon  
  109  11:24  Pylon  
  109  11:26  Pylon  
  109  11:28  Pylon  
  109  11:29  Pylon  
  109  11:30  Nexus  
  109  11:31  Pylon  
  109  12:16  Dark Templar x3  
  109  12:17  Dark Templar x6  
  109  12:18  Dark Templar  
  129  12:25  Archon  
  129  12:26  Archon x4  
  129  13:11  Stalker x3  
  129  13:12  Stalker x2  
  90  13:47  Dark Templar  
  90  13:48  Dark Templar x5  
  88  14:29  Stalker x3  
  88  14:30  Stalker x5  
  88  14:31  Stalker x2  
  108  14:56  Stalker  
  108  14:57  Stalker x5  
  114  15:09  Observer  
  53  15:51  Dark Templar  
  53  15:52  Dark Templar  
  53  15:56  Archon  
Show
View Real Time Build Order
Export as new Build Order

bakemonoken Protoss 

Build Orders: Carriers 

Get SALT Encoding   

  12  0:01  Probe  
  13  0:16  Pylon  
  13  0:18  Probe  
  14  0:30  Probe  
  15  0:42  Probe  
  16  0:45  Gateway  
  16  0:54  Probe  
  17  1:13  Gateway  
  17  1:19  Assimilator  
  17  1:21  Assimilator  
  17  1:23  Probe  
  18  1:29  Pylon  
  18  1:36  Cybernetics Core  
  18  1:49  Probe  
  19  2:01  Probe  
  20  2:12  Stalker x2  
  20  2:13  Probe  
  25  2:25  Probe  
  25  2:29  Robotics Facility  
  26  2:38  Probe  
  27  3:07  Nexus  
  27  3:08  Pylon, Probe  
  28  3:20  Probe  
  29  3:52  Probe  
  30  4:04  Probe  
  29  4:16  Probe  
  30  4:19  Probe  
  30  4:20  Stargate  
  30  4:22  Stargate  
  31  4:25  Probe  
  31  4:27  Probe  
  33  4:33  Probe  
  33  4:35  Probe  
  34  4:39  Observer  
  34  4:41  Warp Gate  
  34  4:43  Probe  
  36  4:51  Nexus  
  36  4:52  Pylon  
  37  4:56  Pylon  
  37  4:58  Probe x2  
  39  5:01  Assimilator  
  39  5:04  Pylon  
  39  5:05  Assimilator, Phoenix  
  39  5:09  Phoenix  
  39  5:10  Probe x2  
  45  5:22  Probe x2  
  33  5:48  Probe x2  
  34  6:01  Probe  
  34  6:02  Oracle x2  
  34  6:03  Nexus  
  35  6:08  Probe x2  
  43  6:20  Observer  
  43  6:21  Gateway  
  43  6:32  Zealot  
  46  6:36  Probe x2  
  48  6:41  Probe  
  49  6:48  Probe x2  
  49  6:50  Phoenix x2  
  55  6:56  Probe  
  55  7:00  Probe  
  57  7:02  Probe  
  58  7:08  Probe  
  58  7:09  Zealot x2  
  58  7:15  Probe x2  
  65  7:17  Probe  
  65  7:20  Probe  
  67  7:24  Phoenix  
  67  7:29  Phoenix  
  71  7:32  Probe x2  
  71  7:35  Probe  
  74  7:41  Probe  
  76  7:44  Probe  
  76  7:51  Fleet Beacon  
  76  7:59  Void Ray  
  76  8:00  Probe  
  76  8:01  Probe  
  76  8:03  Probe  
  76  8:05  Probe  
  84  8:12  Probe  
  84  8:13  Probe  
  84  8:16  Probe  
  84  8:17  Assimilator  
  87  8:20  Pylon  
  87  8:21  Assimilator, Probe  
  87  8:25  Probe x2  
  90  8:28  Probe  
  90  8:33  Probe  
  92  8:38  Probe x2  
  92  8:40  Probe  
  95  8:48  Stargate  
  95  8:50  Stargate  
  95  8:51  Probe x2  
  95  9:15  Probe x3  
  98  9:22  Carrier x2  
  110  9:28  Probe x4  
  114  9:40  Pylon, Probe x2  
  114  9:41  Pylon  
  114  9:45  Pylon  
  116  9:46  Pylon  
  116  9:48  Pylon  
  116  9:58  Carrier, Probe  
  116  9:59  Carrier  
  129  10:17  Probe  
  129  10:18  Probe x3  
  131  10:26  Carrier  
  131  10:27  Carrier  
  143  10:30  Assimilator, Probe x3  
  143  10:31  Probe  
  143  10:34  Assimilator  
  147  10:39  Protoss Air Weapons Level 1  
  147  10:41  Forge  
  147  10:42  Probe  
  148  10:43  Probe x3  
  151  10:57  Cybernetics Core  
  151  11:05  Observer  
  151  11:09  Pylon  
  151  11:14  Pylon  
  151  11:26  Carrier x2  
  151  11:28  Carrier  
  169  11:47  Protoss Air Armor Level 1  
  169  11:48  Probe x3  
  172  11:55  Pylon  
  172  11:57  Pylon  
  172  11:59  Pylon  
  172  12:01  Pylon  
  172  12:03  Pylon, Carrier  
  172  12:05  Pylon  
  172  12:13  Probe x2  
  180  12:22  Carrier x2  
  179  12:26  Carrier  
  197  13:10  Nexus  
  161  13:30  Nexus  
  127  13:58  Carrier x2  
  119  14:51  Probe x3  
  122  14:59  Probe  
  123  15:02  Tempest, Carrier  
  123  15:03  Probe x2  
  123  15:04  Probe  
  137  15:11  Probe  
  114  15:25  Zealot  
  114  15:26  Zealot x2  
Show
View Real Time Build Order
Export as new Build Order

Throwfordays Protoss - Winner!

Build Orders: 1 Gate Expand, Oracle Opening 

Get SALT Encoding   

  12  0:01  Probe  
  13  0:13  Probe  
  14  0:18  Pylon  
  14  0:25  Probe  
  15  0:37  Probe  
  15  0:38  Gateway  
  16  0:49  Probe  
  17  0:50  Assimilator  
  17  1:01  Probe  
  18  1:13  Probe  
  18  1:16  Assimilator  
  19  1:25  Cybernetics Core  
  19  1:31  Probe  
  20  1:35  Warp Gate  
  20  1:43  Nexus  
  20  1:53  Assimilator  
  20  2:03  Probe  
  21  2:15  Probe  
  22  2:21  Pylon  
  22  2:27  Probe  
  22  2:28  Stargate  
  23  2:46  Probe  
  24  2:55  Probe  
  25  2:58  Probe  
  25  3:03  Pylon, Probe  
  26  3:08  Assimilator  
  26  3:10  Probe  
  26  3:12  Probe  
  29  3:23  Probe  
  29  3:24  Probe  
  31  3:28  Oracle  
  31  3:34  Stalker  
  36  3:35  Probe  
  36  3:36  Probe  
  38  3:47  Probe  
  38  3:48  Probe  
  38  3:59  Probe  
  38  4:00  Stargate  
  38  4:01  Stalker  
  38  4:02  Stargate  
  41  4:12  Probe  
  41  4:14  Probe  
  43  4:20  Oracle  
  46  4:24  Probe  
  46  4:26  Probe  
  46  4:29  Protoss Air Weapons Level 1  
  49  4:38  Probe  
  49  4:40  Pylon  
  49  4:42  Pylon  
  49  4:45  Pylon  
  49  4:48  Pylon  
  49  4:50  Probe  
  50  5:02  Probe  
  50  5:04  Stargate  
  51  5:14  Fleet Beacon, Probe  
  49  5:48  Void Ray x3  
  58  5:54  Probe  
  59  6:04  Stalker  
  61  6:14  Nexus  
  61  6:16  Void Ray  
  65  6:25  Protoss Air Weapons Level 2  
  65  6:26  Assimilator  
  65  6:30  Assimilator  
  65  6:31  Void Ray  
  69  6:34  Pylon  
  69  6:38  Void Ray  
  73  6:58  Robotics Facility  
  73  7:02  Probe  
  73  7:07  Probe  
  75  7:09  Forge  
  75  7:13  Void Ray  
  75  7:15  Probe  
  78  7:19  Probe  
  78  7:21  Void Ray  
  83  7:27  Probe  
  84  7:30  Pylon  
  84  7:31  Probe x2  
  86  7:39  Probe  
  86  7:43  Void Ray, Probe x2  
  93  7:47  Observer  
  93  7:51  Probe  
  95  7:54  Photon Cannon  
  95  7:55  Probe x2  
  97  8:01  Photon Cannon  
  97  8:07  Probe  
  98  8:19  Probe x2  
  100  8:24  Photon Cannon  
  100  8:28  Photon Cannon  
  100  8:30  Void Ray  
  100  8:31  Void Ray x2, Probe  
  100  8:32  Photon Cannon  
  113  8:36  Photon Cannon, Void Ray  
  117  8:45  Protoss Air Weapons Level 3  
  117  8:59  Pylon  
  111  9:14  Nexus  
  111  9:18  Pylon  
  111  9:20  Probe  
  111  9:21  Pylon  
  112  9:32  Probe  
  112  9:35  Nexus  
  113  9:42  Void Ray x2  
  113  9:43  Void Ray  
  113  9:44  Probe  
  126  9:50  Void Ray  
  130  9:57  Probe  
  131  10:01  Pylon  
  131  10:06  Pylon  
  131  10:09  Probe  
  132  10:31  Robotics Bay  
  132  10:34  Probe  
  133  10:39  Probe  
  134  10:46  Probe  
  135  10:51  Probe  
  135  10:54  Assimilator  
  136  10:58  Assimilator, Probe  
  136  10:59  Probe  
  136  11:02  Photon Cannon  
  136  11:03  Probe  
  139  11:04  Assimilator, Photon Cannon  
  139  11:06  Photon Cannon  
  139  11:09  Assimilator, Photon Cannon  
  139  11:10  Probe  
  139  11:11  Probe  
  141  11:13  Photon Cannon  
  141  11:15  Photon Cannon, Probe  
  142  11:21  Photon Cannon  
  142  11:22  Probe  
  142  11:23  Probe  
  142  11:24  Photon Cannon  
  144  11:26  Void Ray  
  144  11:27  Probe  
  144  11:28  Photon Cannon, Void Ray  
  144  11:30  Photon Cannon  
  153  11:34  Void Ray, Probe  
  153  11:35  Probe  
  153  11:39  Void Ray  
  163  11:46  Probe  
  164  11:58  Probe  
  164  11:59  Gravitic Boosters  
  165  12:10  Probe  
  166  12:17  Mothership  
  166  12:22  Probe  
  175  12:34  Void Ray x2  
  175  12:35  Void Ray  
  187  12:41  Pylon  
  187  12:45  Pylon  
  187  12:59  Void Ray  
  147  13:46  Void Ray  
  147  13:47  Void Ray  
  147  13:48  Void Ray x2  
  141  14:29  Void Ray  
  141  14:30  Void Ray x2  
  141  14:31  Void Ray  
  157  15:12  Void Ray  
  157  15:13  Void Ray x3  
Show
View Real Time Build Order
Export as new Build Order

Cthulhu Terran - Winner!

Build Orders:  

Get SALT Encoding   

  12  0:01  SCV  
  13  0:13  SCV  
  14  0:23  Supply Depot  
  14  0:25  SCV  
  15  0:45  SCV  
  15  0:47  Barracks  
  16  0:56  Supply Depot  
  16  1:00  Supply Depot  
  16  1:02  SCV  
  17  1:18  SCV  
  18  1:21  Refinery  
  19  1:32  SCV  
  19  1:40  Marine  
  19  1:43  Barracks  
  19  1:46  Barracks  
  20  1:54  Orbital Command  
  20  2:06  Marine  
  21  2:27  Marine  
  22  2:32  Barracks Tech Lab  
  22  2:33  Barracks Tech Lab  
  22  2:47  Refinery  
  21  2:52  Command Center  
  21  2:55  Concussive Shells  
  21  3:02  Marauder  
  21  3:05  SCV  
  26  3:12  Marauder  
  26  3:23  Marauder  
  27  3:40  Marauder  
  29  3:45  Marauder  
  31  3:59  Marine, Stimpack  
  31  4:02  Marauder  
  34  4:06  Marauder  
  36  4:12  SCV  
  36  4:13  Orbital Command  
  37  4:30  Factory  
  37  4:51  SCV x2  
  37  4:52  Marine, Marauder x2  
  44  4:56  Refinery  
  44  5:06  Engineering Bay  
  44  5:07  SCV, Engineering Bay  
  44  5:14  Marauder x2  
  49  5:15  SCV  
  50  5:24  SCV  
  50  5:26  Factory Reactor  
  50  5:27  Starport  
  51  5:41  Marauder  
  53  5:47  Supply Depot  
  53  5:49  Terran Infantry Weapons Level 1  
  53  6:09  Marauder x2  
  57  6:19  Combat Shield  
  57  6:20  Medivac  
  57  6:23  Medivac  
  61  6:27  SCV  
  62  6:52  Command Center  
  62  7:02  SCV, Medivac x2, Supply Depot  
  62  7:04  Terran Infantry Armor Level 1  
  62  7:05  Marine, Marauder  
  70  7:13  Refinery  
  70  7:24  SCV  
  71  7:47  Missile Turret  
  71  7:48  Missile Turret  
  71  7:52  Missile Turret x2  
  71  8:15  Sensor Tower  
  71  8:17  Marine, Marauder x2  
  76  8:28  SCV  
  76  8:30  Viking  
  79  8:35  Marine  
  80  8:53  Marine x2  
  82  9:27  Orbital Command  
  82  9:28  SCV x2  
  82  9:31  Marine x2  
  86  9:34  Marine  
  86  9:38  Command Center  
  87  9:55  Medivac x2  
  87  9:57  Marine  
  87  9:58  Marine  
  93  10:05  Marine  
  92  10:23  SCV  
  92  10:27  Supply Depot  
  93  10:29  SCV x2  
  95  10:36  Medivac x2  
  99  10:54  Missile Turret  
  99  10:57  Marine x3  
  102  11:05  Missile Turret  
  102  11:12  Missile Turret  
  102  11:25  Sensor Tower  
  82  13:07  Ghost Academy  
  82  13:09  Marine x2  
  82  13:10  Marine  
  82  13:12  Viking, Medivac  
  89  13:14  Widow Mine  
  91  13:35  Widow Mine  
  93  13:57  Widow Mine  
  83  14:31  SCV x2  
  83  14:32  Marine, SCV  
  83  14:33  Marauder x2  
  83  14:34  Viking x2, Widow Mine  
  63  14:50  Marine  
  64  14:53  Marine  
  64  14:54  Marauder  
  64  14:55  Widow Mine  
  69  15:04  Medivac x2  
  73  15:08  Marine  
  72  15:17  Widow Mine  
  74  15:41  Marine x2, SCV x2  
  74  15:42  Marauder  
  80  15:46  Widow Mine  
Tags
 
Add a new tag
Caveats
  • Supply blocks, unpowered buildings, or Contaminate may cause inaccurate times.
  • Supply counts are checked every 10 seconds.